 Dungeon Crawl Stone Soup version 0.23.0-3-gf3c87f2 (webtiles) character file.

Game seed: 15564355191147423692

2071 xccam the Cleaver (level 9, -6/71 HPs)
             Began as a Formicid Gladiator on Feb 21, 2019.
             Was a Follower of Cheibriados.
             Mangled by an orc priest
             ... wielding a +1 hand axe of electrocution
              (24 damage)
             ... on level 6 of the Dungeon.
             The game lasted 00:20:13 (5347 turns).

xccam the Cleaver (Formicid Gladiator)              Turns: 5347, Time: 00:20:14

Health: -6/71      AC: 16    Str: 25    XL:     9   Next: 50%
Magic:  9/9        EV:  8    Int: 14    God:    Cheibriados [*.....]
Gold:   302        SH:  0    Dex: 14    Spells: 8/8 levels left

rFire    . . .     SeeInvis +   a - +0 war axe
rCold    . . .     Gourm    .   (no shield)
rNeg     . . .     Faith    .   e - +0 plate armour
rPois    .         Spirit   .   (helmet unavailable)
rElec    .         Reflect  .   (no cloak)
rCorr    .         Harm     +   o - +0 pair of gloves
MR       .....                  b - +1 pair of boots
Stlth    ..........             i - amulet of harm
HPRegen  0.21/turn              v - +5 ring of intelligence (curse)
MPRegen  0.11/turn              (no ring)

@: very slow
A: permanent stasis, dig shafts and tunnels, four strong arms, antennae 3
a: Dig, Shaft Self, Bend Time, Renounce Religion


You were on level 6 of the Dungeon.
You worshipped Cheibriados.
Cheibriados was aware of your devotion.
You were not hungry.

You visited 2 branches of the dungeon, and saw 7 of its levels.
You also visited: Ossuary.

You collected 302 gold pieces.

Inventory:

Hand Weapons
 a - a +0 war axe (weapon)
Armour
 b - a +1 pair of boots (worn)
 e - a +0 plate armour (worn)
 o - a +0 pair of gloves (worn)
Jewellery
 h - an uncursed ring of fire
 i - an amulet of harm (around neck)
 v - a cursed +5 ring of intelligence (left hand)
Wands
 r - a wand of flame (20)
Scrolls
 f - 2 scrolls of enchant armour
 g - 3 scrolls of enchant weapon {unknown}
 l - a scroll of identify
 q - 4 scrolls of remove curse
 s - a scroll of acquirement {unknown}
 w - 3 scrolls of amnesia {unknown}
 y - a scroll of fear {unknown}
Potions
 c - 2 potions of agility
 j - a potion of degeneration {unknown}
 k - 4 potions of curing
 m - a potion of cancellation
 n - a potion of flight
 p - 2 potions of heal wounds
 t - a potion of might
 u - 5 potions of brilliance
 x - 2 potions of resistance {unknown}
Comestibles
 d - 9 rations
 z - 4 chunks of flesh


   Skills:
 + Level 6.9 Fighting
 + Level 8.8 Axes
 - Level 2.0 Throwing
 + Level 6.4 Armour
 - Level 2.6 Dodging


You had 8 spell levels left.
You didn't know any spells.
Your spell library contained the following spells:

 Spells                   Type           Power        Failure   Level  Hunger
 Animate Skeleton         Necr           N/A          98%         1    ##.....
 Apportation              Tloc           #.....       98%         1    ##.....
 Confusing Touch          Hex            #.....       98%         1    ##.....
 Summon Small Mammal      Summ           #...         98%         1    ##.....


Dungeon Overview and Level Annotations

Branches:
Dungeon (6/15)             Temple (1/1) D:5

Altars:
Ashenzari
Cheibriados
Dithmenos
Ru
Sif Muna
Trog
Xom

Shops:
D:5 :


Innate Abilities, Weirdness & Mutations

You cannot be hasted, slowed, berserked, paralysed or teleported.
You can dig through walls and to a lower floor.
Your four strong arms can wield two-handed weapons with a shield.
You have a pair of large antennae on your head. (SInv)


Message History

You hit the orc.
You kill the orc!
Cheibriados appreciates the change of pace.
The orc priest looks braver for a moment.
The orc wizard hits you but does no damage.
You closely miss the orc priest.
The orc priest is almost dead.
You barely miss the orc wizard.
The orc wizard gestures at you while chanting.
The magic dart hits you!
The orc priest mumbles some strange prayers to Beogh against you.
Beogh smites you!
* * * LOW HITPOINT WARNING * * *
Unknown command.
You completely miss the orc priest.
The orc priest is almost dead.
You hit the orc wizard.
The orc priest hits you but does no damage.
You are electrocuted!!
You die...

#.#,# *,,,,,,,* #.#.#
*,,,,,,,* ######.#.#
*,,,,,,,*
#........#**,,,,,,,**
#........#*,,,,,,,,,**
#####........##..,,,,,,,,,
#...............,,,,,,,,,,
#.........)o###..,***,,,,,
#........@oo.....,,,,,,,,,
#....?...o...##..,***,,,,,
#............#*,,,* *,,,,,
#............#***** *,,,,,
#......#.#.#.# ****,,,,,
######.#.#.#.# *,,,,,,,,
#.#...#,# *,,,,,,,,
*,##*##,* *,,,,,,,* *,*
*,* *,,,,,,,*


You could see 2 orc priests and 2 orc wizards.

Vanquished Creatures
  Pikel (D:5)
  A wraith (Ossuary)
  Edmund (D:5)
  Duvessa (D:4)
  A sky beast (D:5)
  A slave (D:5)
  A phantom (D:4)
  3 centaurs
  Blork the orc (D:4)
  Dowan (D:4)
  A howler monkey (D:5)
  A bullfrog zombie (D:2)
  2 hounds
  3 orc priests (D:3)
  A human zombie (D:6)
  2 human skeletons (D:6)
  Natasha (thrice) (D:4)
  An iguana (D:4)
  2 big kobold zombies (Ossuary)
  A hound zombie (D:5)
  3 mummies (Ossuary)
  4 gnolls (D:3)
  8 adders
  An ooze (D:1)
  2 worms (D:2)
  2 dart slugs
  A leopard gecko (D:3)
  12 orcs
  10 bats
  3 giant cockroaches
  7 goblins
  7 hobgoblins
  8 jackals
  5 kobolds
  2 quokkas
  A ball python (D:2)
  4 frilled lizards
  3 goblin zombies (Ossuary)
  2 hobgoblin zombies (Ossuary)
  A jackal skeleton (D:6)
  4 kobold zombies (Ossuary)
  3 orc skeletons (D:6)
  An orc zombie (Ossuary)
  11 rats
134 creatures vanquished.

Notes
Turn   | Place    | Note
-------+----------+-------------------------------------------
     0 | D:1      | xccam the Formicid Gladiator began the quest for the Orb.
     0 | D:1      | Reached XP level 1. HP: 16/16 MP: 1/1
   154 | D:1      | Reached XP level 2. HP: 22/22 MP: 2/2
   416 | D:1      | Reached skill level 4 in Axes
   416 | D:1      | Reached XP level 3. HP: 22/27 MP: 3/3
  1134 | D:2      | Reached XP level 4. HP: 27/33 MP: 4/4
  1146 | D:2      | Reached skill level 5 in Axes
  1578 | D:2      | Reached XP level 5. HP: 33/38 MP: 5/5
  1740 | D:3      | Noticed a centaur
  1747 | D:3      | Killed a centaur
  1747 | D:3      | Reached skill level 6 in Axes
  1747 | D:3      | Reached XP level 6. HP: 15/44 MP: 6/6
  2010 | D:3      | Reached skill level 1 in Armour
  2038 | D:3      | Found a shadowy altar of Dithmenos.
  2038 | D:3      | Found a shimmering altar of Xom.
  2094 | D:3      | Found a sacrificial altar of Ru.
  2259 | D:3      | Found a shattered altar of Ashenzari.
  2259 | D:3      | Found a bloodstained altar of Trog.
  2555 | D:3      | Found a deep blue altar of Sif Muna.
  2798 | D:4      | Reached XP level 7. HP: 43/52 MP: 7/7
  2874 | D:4      | Noticed Duvessa
  2875 | D:4      | Noticed Dowan
  2889 | D:4      | Killed Duvessa
  2912 | D:4      | Killed Dowan
  2912 | D:4      | Reached skill level 7 in Axes
  2943 | D:4      | Noticed Blork the orc
  2950 | D:4      | Killed Blork the orc
  3214 | D:4      | Reached XP level 8. HP: 36/61 MP: 8/8
  3454 | D:4      | Noticed Natasha
  3456 | D:4      | Killed Natasha
  3523 | D:4      | Noticed Natasha
  3536 | D:4      | Killed Natasha
  3667 | D:4      | Noticed Natasha
  3683 | D:4      | Killed Natasha
  3695 | D:5      | Entered Level 5 of the Dungeon
  3989 | D:5      | Noticed Pikel
  4018 | D:5      | Killed Pikel
  4018 | D:5      | Reached skill level 5 in Fighting
  4018 | D:5      | Reached skill level 8 in Axes
  4018 | D:5      | Reached skill level 5 in Armour
  4023 | D:5      | Found a staircase to the Ecumenical Temple.
  4024 | D:5      | Noticed Edmund
  4029 | D:5      | Killed Edmund
  4029 | D:5      | Reached XP level 9. HP: 66/69 MP: 9/9
  4035 | Temple   | Entered the Ecumenical Temple
  4047 | Temple   | Became a worshipper of Cheibriados the Contemplative
  4191 | D:5      | Found Celaix's Book Shoppe.
  4582 | D:6      | Found a sand-covered staircase.
  4593 | Ossuary  | Entered an ossuary
  5113 | D:6      | Reached * piety under Cheibriados
  5347 | D:6      | Mangled by an orc priest

Skill      XL: |  1  2  3  4  5  6  7  8  9 |
---------------+----------------------------+-----
Axes           | 4 5 6 7 8 |  8.8
Armour         | 2 3 5 6 |  6.4
Fighting       | 3 4 6 |  6.9
Throwing       | |  2.0
Dodging        | |  2.6

Action                   |  1- 3 |  4- 6 |  7- 9 || total
-------------------------+-------+-------+-------++-------
Melee: War axe           |   100 |   137 |   267 ||   504
 Abil: Dig               |     2 |       |     2 ||     4
Evoke: Wand              |       |       |     2 ||     2
  Use: Potion            |       |     1 |     4 ||     5
       Scroll            |       |       |    14 ||    14
  Eat: Chunk             |     1 |     5 |     4 ||    10
       Ration            |       |       |     2 ||     2
Armor: Leather armour    |    24 |       |       ||    24
       Chain mail        |    26 |    73 |    24 ||   123
       Plate armour      |       |       |   131 ||   131
Dodge: Dodged            |    72 |    65 |    96 ||   233
